 Dungeon Crawl Stone Soup version 0.24.1-14-gf8d2b509d9 (console) character file.

Game seed: 16570290821328787516, levelgen mode: deterministic

140235 Kagalorn the Severer (level 16, -11/219 HPs)
             Began as a Minotaur Wanderer on Sept 20, 2021.
             Was a High Priest of the Shining One.
             Mangled by Aizul (43 damage)
             ... on level 3 of the Shoals on Sept 21, 2021.
             The game lasted 01:21:23 (35536 turns).

Kagalorn the Severer (Minotaur Wanderer)           Turns: 35536, Time: 01:21:23

Health: -11/219    AC: 28    Str: 24    XL:     16   Next: 75%
Magic:  16/24      EV:  2    Int:  9    God:    the Shining One [*****.]
Gold:   3049       SH:  0    Dex: 10    Spells: 15/15 levels left

rFire    + + .     SeeInvis .   a - +5 broad axe
rCold    + + .     Gourm    .   l - +0 shield {reflect}
rNeg     + + +     Faith    .   (armour currently unavailable)
rPois    +         Spirit   .   (helmet currently unavailable)
rElec    +         Reflect  +   (cloak currently unavailable)
rCorr    .         Harm     .   (gloves currently unavailable)
MR       +....     NoTele   +   (boots currently unavailable)
Stlth    +.........             s - amulet of the Air {Inacc +Fly rElec EV+5 RMsl}
HPRegen  0.46/turn              p - ring of protection from fire
MPRegen  0.19/turn              F - ring of the Voivode {rF+ rC++}

@: lethally poisoned (-11 -> -13), tree-form, sleeping, glowing, studying Air
Magic, repel missiles
A: (retaliatory headbutt)
a: Divine Shield, Cleansing Flame, Summon Divine Warrior, Renounce Religion


You were on level 3 of the Shoals.
You worshipped the Shining One.
The Shining One was extremely pleased with you.
You were not hungry.
You were a tree.
You visited 5 branches of the dungeon, and saw 27 of its levels.
You visited the Abyss 1 time.
You also visited: Sewer, Bailey, Gauntlet and Volcano.

You collected 3049 gold pieces.

Inventory:

Hand Weapons
 a - a +5 broad axe (weapon)
 b - a +0 eveningstar of electrocution
Missiles
 v - 15 silver javelins (quivered)
 G - 22 javelins
Armour
 l - a +0 shield of reflection (worn)
 o - the +8 chain mail of Wonder (melded) {rF+ rCorr Int-4 Dex+6}
   (You found it on level 4 of the Dungeon)

   It affects your intelligence (-4).
   It affects your dexterity (+6).
   It protects you from fire.
   It provides partial protection from all sources of acid and corrosion.
 r - a +2 cloak (melded)
 J - a +0 large shield
 N - a +2 pair of gloves (melded)
Jewellery
 p - a ring of protection from fire (left branch)
 s - the amulet of the Air (around neck) {Inacc +Fly rElec EV+5 RMsl}
   (You found it on level 6 of the Lair of Beasts)

   [amulet of inaccuracy]

   It reduces the accuracy of all your attacks.
   It affects your evasion (+5).
   It insulates you from electricity.
   It lets you fly.
   It protects you from missiles.
 t - the ring of Minefo Ivvya {rElec rF+ Str-5 Dex+4}
   (You found it in a Gauntlet)

   [ring of protection from fire]

   It affects your strength (-5).
   It affects your dexterity (+4).
   It protects you from fire.
   It insulates you from electricity.
 F - the ring of the Voivode (right branch) {rF+ rC++}
   (You took it off a minotaur in a Gauntlet)

   [ring of protection from fire]

   It protects you from fire.
   It greatly protects you from cold.
 I - an uncursed ring of resist corrosion
Wands
 m - a wand of digging (8)
 w - a wand of polymorph (20)
 x - a wand of flame (41)
 y - a wand of iceblast (19)
Scrolls
 c - 6 scrolls of fog
 f - 6 scrolls of identify
 i - 15 scrolls of teleportation
 j - 13 scrolls of remove curse
 u - 5 scrolls of blinking
 D - 5 scrolls of enchant armour
 H - a scroll of summoning
 P - 2 scrolls of magic mapping
Potions
 e - 5 potions of might
 g - 16 potions of curing
 h - 2 potions of cancellation
 k - 6 potions of haste
 n - 8 potions of flight
 q - 12 potions of heal wounds
 z - 3 potions of magic
 B - 2 potions of lignification
 C - 3 potions of agility
 E - 4 potions of berserk rage
 L - a potion of resistance
 M - 7 potions of mutation
Books
 R - a manual of Air Magic
Miscellaneous
 A - a lamp of fire
 O - 2 boxes of beasts
Comestibles
 d - 34 rations


   Skills:
 + Level 14.2 Fighting
 - Level 17.9(18.0) Axes
 - Level 2.4(12.3) Maces & Flails
 - Level 1.0 Throwing
 + Level 14.2 Armour
 - Level 10.0 Dodging
 - Level 1.0 Stealth
 - Level 16.0 Shields
 - Level 12.0 Invocations
 - Level 1.0 Evocations


You had 15 spell levels left.
You didn't know any spells.
Your spell library contained the following spells:

 Spells                   Type           Power        Failure   Level  Hunger
 Beastly Appendage        Tmut           #.....       38%         1    ##.....
 Flame Tongue             Conj/Fire      #....        38%         1    ##.....
 Summon Butterflies       Summ           #.......     38%         1    ##.....
 Sticks to Snakes         Tmut           #.......     52%         2    ###....
 Throw Flame              Conj/Fire      #.....       52%         2    ###....
 Call Canine Familiar     Summ           #.......     77%         3    ####...
 Conjure Flame            Conj/Fire      #.......     77%         3    ####...
 Inner Flame              Hex/Fire       #.......     77%         3    ####...
 Lesser Beckoning         Tloc           #.........   77%         3    ####...
 Recall                   Summ/Tloc      N/A          77%         3    ####...
 Spider Form              Tmut/Pois      #.........   77%         3    ####...
 Animate Dead             Necr           N/A          99%         4    #####..
 Cause Fear               Hex            #.........   99%         4    #####..
 Force Lance              Conj/Tloc      #.......     99%         4    #####..
 Ice Form                 Ice/Tmut       #.......     99%         4    #####..
 Passage of Golubria      Tloc           N/A          99%         4    #####..
 Sticky Flame             Conj/Fire      #.......     99%         4    #####..
 Summon Ice Beast         Ice/Summ       #.......     99%         4    #####..
 Blade Hands              Tmut           #.........   100%        5    ######.
 Borgnjor's Vile Clutch   Necr/Erth      #.........   100%        5    ######.
 Fireball                 Conj/Fire      #.........   100%        5    ######.
 Silence                  Hex/Air        #.........   100%        5    ######.
 Summon Mana Viper        Hex/Summ       #.......     100%        5    ######.
 Yara's Violent Unravell  Hex/Tmut       #.........   100%        5    ######.
 Bolt of Fire             Conj/Fire      #.........   100%        6    #######
 Death Channel            Necr           #.........   100%        6    #######
 Deflect Missiles         Chrm/Air       #.........   100%        6    #######
 Simulacrum               Ice/Necr       #.........   100%        6    #######
 Dragon Form              Tmut           #.........   100%        7    #######
 Summon Hydra             Summ           #.........   100%        7    #######
 Discord                  Hex            #.........   100%        8    #######
 Dragon's Call            Summ           #.........   100%        9    #######


Dungeon Overview and Level Annotations

Branches:
Dungeon (15/15)            Temple (1/1) D:6            Lair (6/6) D:11
 Shoals (3/4) Lair:2        Snake (0/4) Lair:2        Slime (0/5) Lair:6
    Orc (2/2) D:10            Elf (0/3) Orc:2        Vaults (0/5) D:13
 Depths (0/5) D:15          Sewer (visited)          Bailey (visited)
Volcano (visited)         Gauntlet (visited)

Altars:
Ashenzari
Cheibriados
Dithmenos
Elyvilon
Fedhas
Gozag
Hepliaklqana
Kikubaaqudgha
Makhleb
Nemelex Xobeh
Okawaru
Qazlal
Ru
Sif Muna
Trog
Uskayaw
Vehumet
Wu Jian
Xom
Yredelemnul
Zin
The Shining One
Beogh
Jiyva

Shops:
D:10 (   Orc:2 :([}

Annotations:
Lair:6 3 runed translucent doors, exclusion: oklob plant, Gildeon's ghost, journeyman MiFi
Shoals:3 Aizul


Innate Abilities, Weirdness & Mutations

((You reflexively headbutt those who attack you in melee.))
((You have a pair of horns on your head.))


Message History

The +8 chain mail of Wonder {rF+ rCorr Int-4 Dex+6} melds into your body.
Your roots penetrate the ground.
You feel sick. Aizul hits you but does no damage.
You are momentarily dazzled by a brilliant light.
You feel somewhat more hungry.
The Shining One is no longer ready to bless your weapon.
You feel sick. You block Aizul's attack.
You feel much better.
You feel sick. You block Aizul's attack. Aizul hits you!
* * * LOW HITPOINT WARNING * * *
You slash Aizul!
Aizul is lightly wounded.
You feel sick.
Your angel hits Aizul with a +3 whip of holy wrath!
Your angel hits Aizul with a +3 whip of holy wrath.
Aizul coils herself and waves her upper body at you.
You fall asleep.
You feel sick.
Your angel closely misses Aizul.
Your angel hits Aizul with a +3 whip of holy wrath.
Aizul hits you!!!
You die...

≈≈≈≈≈≈PP.###...≈≈≈≈≈≈≈≈≈≈≈≈≈≈≈≈
≈≈≈≈≈≈P..##.....≈≈≈≈≈≈≈†≈≈≈≈≈≈≈
P≈≈≈≈PP<........=.≈≈≈≈≈≈≈..≈≈≈≈
P≈≈≈≈≈PP......≈......≈..≈≈≈≈≈≈.
P≈≈≈..≈≈....≈≈≈...........≈≈≈..
PP≈..(..)..≈≈≈.....)≈.###.≈≈..#
≈≈..####.)≈≈≈.........###......
≈≈.# #.)≈≈≈A.##..........≈≈≈≈
≈≈. #..≈≈≈S♣....≈≈....≈≈≈≈≈≈ ≈≈
#..≈≈≈≈.......≈≈..≈≈≈≈≈≈
#...≈≈≈≈≈.........≈≈≈≈≈≈
......≈≈≈≈≈≈..≈≈≈≈...≈≈≈≈≈≈
≈..###..≈≈≈≈≈≈≈≈≈≈≈.≈≈≈≈≈≈≈ ≈..
#..≈≈≈≈≈≈≈≈≈≈≈)≈≈≈≈≈≈≈ .
#..≈≈≈≈≈≈≈≈≈≈≈≈≈≈≈≈≈≈≈
..≈≈≈≈≈≈≈≈≈≈≈≈≈≈≈≈≈≈≈≈
.≈≈≈≈≈≈≈≈≈≈≈≈≈≈≈≈≈≈≈≈≈≈


You could see Aizul and a friendly angel.

Vanquished Creatures
  A tentacled starspawn (Abyss:2)
  A kraken (Shoals:2)
  An orc warlord (Orc:1)
  Louise (Shoals:3)
  A stone giant (D:12)
  A red draconian (Volcano)
  A minotaur (Gauntlet)
  A merfolk javelineer (Shoals:1)
  3 ettins
  2 merfolk impalers
  A fire dragon (Lair:4)
  Snorg (Lair:5)
  An ogre mage (D:15)
  Fannar (D:10)
  A merfolk avatar (Shoals:1)
  3 rakshasas
  5 hydras
  A catoblepas (Lair:6)
  A death knight (D:15)
  An alligator snapping turtle (shapeshifter) (D:12)
  7 centaur warriors
  An alligator snapping turtle (Shoals:1)
  A merfolk aquamancer (Shoals:1)
  6 two-headed ogres
  A tengu warrior (Gauntlet)
  9 death yaks
  A deep troll shaman (Lair:6)
  An orc high priest (Orc:1)
  A thrashing horror (Abyss:2)
  Urug (D:10)
  A sun demon (Abyss:2)
  7 sea snakes
  Nergalle (D:10)
  An iron troll (D:12)
  A sixfirhy (Abyss:2)
  2 unseen horrors (D:14)
  A spatial maelstrom (Abyss:2)
  A deep troll (D:13)
  A lindwurm (Lair:6)
  17 harpies
  A lindwurm (shapeshifter) (D:13)
  2 orc sorcerers (Orc:1)
  A wolf spider (D:13)
  7 cyclopes
  3 oklob plants (Lair:1)
  A centaur zombie (D:13)
  2 ugly things
  4 orc knights
  10 manticores
  2 deep elf magi
  Maurice (Orc:2)
  14 elephants
  A worldbinder (Abyss:1)
  Joseph (D:10)
  A rust devil (Abyss:2)
  A merfolk siren (Shoals:3)
  A guardian serpent (Lair:2)
  6 black mambas
  2 centaur skeletons
  8 spiny frogs
  A torpor snail (Gauntlet)
  A smoke demon (Abyss:2)
  4 water nymphs
  3 gargoyles
  3 yaktaurs
  A komodo dragon (shapeshifter) (D:15)
  9 komodo dragons
  2 freezing wraiths
  A rime drake (Lair:2)
  A meliai (D:11)
  2 tengu conjurers
  A jumping spider (shapeshifter) (D:15)
  12 merfolk
  2 polar bears
  4 trolls
  3 ancient zymes (Abyss:2)
  4 wind drakes
  Grinder (D:5)
  8 blink frogs
  4 raiju
  8 hippogriffs
  3 hornets
  3 snapping turtles
  16 dream sheep
  A stone giant simulacrum (Abyss:2)
  3 large abominations (Abyss:2)
  Sigmund (D:3)
  8 water elementals
  3 shadows
  A yak (shapeshifter) (D:13)
  A spriggan (shapeshifter) (D:13)
  A wyvern (D:9)
  A wraith (D:14)
  A basilisk (D:14)
  A vampire (Abyss:2)
  3 fire elementals
  7 fire bats
  18 yaks
  2 humans
  Grum (D:10)
  3 hogs (D:7)
  2 steam dragons
  A vampire mosquito (D:12)
  4 hungry ghosts
  9 wargs
  An acid dragon (D:14)
  2 hell hounds (Orc:1)
  8 water moccasins
  10 porcupines
  38 orc warriors
  2 black bears
  A phantom (D:9)
  4 ice beasts
  A necrophage (D:9)
  4 sky beasts
  17 centaurs
  15 ogres
  20 wolves
  16 crocodiles
  2 big kobolds
  15 bullfrogs
  Blork the orc (D:6)
  3 scorpions
  5 killer bees (D:11)
  5 electric eels (Lair:5)
  12 wights
  4 crimson imps
  A lava snake (Lair:4)
  4 hounds
  A quasit (D:12)
  A bullfrog zombie (D:12)
  32 orc priests
  Crazy Yiuf (D:4)
  4 bullfrog skeletons
  9 iguanas
  34 orc wizards
  13 worker ants
  A lightning spire (Gauntlet)
  3 hound zombies
  A hound skeleton (D:10)
  3 worker ant zombies
  A howler monkey zombie (D:9)
  5 river rats
  13 adders
  19 gnolls
  3 shadow imps
  An ooze (Sewer)
  2 adder skeletons
  7 worms
  A dart slug (D:3)
  4 leopard geckos
  132 orcs
  7 ball pythons
  2 bats (D:3)
  8 giant cockroaches
  5 goblins
  16 hobgoblins
  6 jackals
  25 kobolds
  4 quokkas
  2 jackal skeletons
  A leopard gecko skeleton (D:6)
  A leopard gecko zombie (D:7)
  9 rats
  A bush (D:11)
  A fungus (Lair:5)
  4 plants
  3 tentacles (Shoals:2)
906 creatures vanquished.

Vanquished Creatures (collateral kills)
  Saint Roka (D:10)
  A tengu reaver (D:13)
  Donald (Shoals:2)
  Azrael (Orc:1)
  Erolcha (D:9)
  A death knight (D:15)
  A centaur warrior (Volcano)
  A two-headed ogre (D:13)
  3 death yaks (Lair:6)
  A thrashing horror (Abyss:2)
  A spatial maelstrom (D:9)
  An eye of devastation (Lair:6)
  A komodo dragon (Lair:6)
  2 blink frogs (Lair:6)
  5 large abominations
  An eye of draining (Lair:6)
  2 crocodiles (Lair:6)
  2 centaurs (Volcano)
  A gnoll sergeant (D:9)
  A small abomination (Abyss:2)
  3 gnolls (D:9)
32 creatures vanquished.

Vanquished Creatures (others)
  An ogre mage (D:15)
  A wight (D:13)
  An orc priest (Orc:1)
  4 bushes
  11 fungi
  A lurking horror (Abyss:1)
  12 plants
  2 starspawn tentacles (Abyss:2)
  3 tentacles (Shoals:2)
36 creatures vanquished.

Grand Total: 974 creatures vanquished

Notes
Turn   | Place    | Note
-------+----------+-------------------------------------------
     0 | D:1      | Kagalorn the Minotaur Wanderer began the quest for the Orb.
     0 | D:1      | Kagalorn set off with the following items: a +0 hand axe, a
                  | wand of flame (15), a +0 ring mail, a ration
     0 | D:1      | Reached XP level 1. HP: 19/19 MP: 0/0
   454 | D:1      | Reached skill level 1 in Axes
   520 | D:1      | Reached XP level 2. HP: 26/27 MP: 1/1
   781 | D:2      | Reached skill level 1 in Dodging
  1192 | D:2      | Reached XP level 3. HP: 28/33 MP: 2/2
  1204 | D:2      | Reached skill level 2 in Axes
  1337 | D:2      | Noticed an ogre
  1474 | D:3      | Reached skill level 1 in Shields
  1568 | D:3      | Reached XP level 4. HP: 39/40 MP: 3/3
  1779 | D:3      | Reached skill level 3 in Axes
  1786 | D:3      | Found a glowing drain.
  1855 | Sewer    | Entered a sewer
  1994 | Sewer    | Noticed a big kobold
  2006 | Sewer    | Killed a big kobold
  2006 | Sewer    | Reached XP level 5. HP: 42/47 MP: 4/4
  2661 | D:2      | Reached skill level 4 in Axes
  2869 | D:2      | Reached XP level 6. HP: 36/53 MP: 5/5
  3278 | D:3      | Noticed Sigmund
  3394 | D:4      | Reached skill level 5 in Fighting
  3688 | D:4      | Got a crude chain mail
  3699 | D:4      | Identified the +8 chain mail of Wonder {rF+ rCorr Int-4
                  | Dex+6} (You found it on level 4 of the Dungeon)
  3807 | D:4      | Found a runed translucent door.
  3808 | D:4      | Found the +8 whip "Snakebite" {curare, rPois}
  3808 | D:4      | Noticed Crazy Yiuf
  3966 | D:4      | Reached skill level 5 in Axes
  3970 | D:4      | Reached XP level 7. HP: 34/61 MP: 6/6
  4299 | D:4      | Identified the +1 leather armour of Xeumuh Jai {*Drain
                  | rElec rC+ rN+ Stlth+}
  4475 | D:4      | Killed Crazy Yiuf
  4541 | D:4      | Got a shimmering mace
  4720 | D:3      | Killed Sigmund
  4720 | D:3      | Reached skill level 6 in Axes
  5450 | D:5      | Entered Level 5 of the Dungeon
  5461 | D:5      | Reached XP level 8. HP: 66/70 MP: 7/7
  5487 | D:5      | Reached skill level 5 in Armour
  5505 | D:5      | Identified the +2 mace of Experimentation {flame, rElec
                  | Str-2 Int+9} (You found it on level 4 of the Dungeon)
  5585 | D:5      | Noticed Grinder
  5613 | D:5      | Killed Grinder
  5753 | D:5      | Reached skill level 7 in Axes
  5928 | D:6      | Found a staircase to the Ecumenical Temple.
  5945 | Temple   | Entered the Ecumenical Temple
  6150 | Temple   | Became a worshipper of the Shining One
  6465 | D:6      | Noticed Blork the orc
  6477 | D:6      | Killed Blork the orc
  6521 | D:6      | Reached skill level 5 in Shields
  7040 | D:7      | Reached skill level 8 in Axes
  7128 | D:7      | Reached skill level 5 in Dodging
  7159 | D:7      | Reached XP level 9. HP: 78/78 MP: 8/8
  7178 | D:7      | Reached * piety under the Shining One
  7549 | D:7      | Reached skill level 9 in Axes
  7608 | D:7      | Found a blossoming altar of Fedhas.
  7658 | D:8      | Noticed a gargoyle
  7674 | D:8      | Killed a gargoyle
  8110 | D:8      | Reached ** piety under the Shining One
  8110 | D:8      | Reached skill level 10 in Axes
  8110 | D:8      | Reached XP level 10. HP: 88/88 MP: 9/9
  8443 | D:9      | Noticed Erolcha
  8704 | D:10     | Entered Level 10 of the Dungeon
  8713 | D:10     | Reached *** piety under the Shining One
  8735 | D:10     | Noticed Fannar
  8770 | D:10     | Killed Fannar
  9003 | D:10     | Found Xuoxt's Antique Weapon Boutique.
  9038 | D:10     | Reached skill level 11 in Axes
  9052 | D:10     | Noticed Nergalle
  9071 | D:10     | Killed Nergalle
  9141 | D:10     | Noticed Joseph
  9143 | D:10     | Found a staircase to the Orcish Mines.
  9144 | D:10     | Noticed a two-headed ogre
  9160 | D:10     | Killed a two-headed ogre
  9160 | D:10     | Reached XP level 11. HP: 40/97 MP: 10/10
  9162 | D:10     | Killed Joseph
  9976 | D:10     | Noticed Urug
  9996 | D:10     | Killed Urug
  9996 | D:10     | Reached skill level 12 in Axes
 10197 | D:10     | Noticed Grum
 10208 | D:10     | Killed Grum
 10310 | D:11     | Reached **** piety under the Shining One
 10374 | D:11     | Found a staircase to the Lair.
 10375 | D:11     | Noticed a cyan ugly thing
 10461 | D:11     | Killed a cyan ugly thing
 11194 | D:11     | Reached skill level 10 in Fighting
 11207 | D:11     | Got an ichor-stained halberd
 11390 | D:12     | Noticed a green ugly thing
 11408 | D:12     | Killed a green ugly thing
 11520 | D:11     | Reached skill level 13 in Axes
 11691 | Lair:1   | Entered Level 1 of the Lair of Beasts
 11986 | Lair:1   | Noticed a four-headed hydra
 12120 | Lair:1   | Killed a one-headed hydra
 12120 | Lair:1   | Reached XP level 12. HP: 96/106 MP: 11/11
 12210 | Lair:1   | Identified the +8 halberd of the Inquisitive Tales {freeze,
                  | MR+ Dex+4} (You found it on level 11 of the Dungeon)
 12292 | Lair:1   | Reached skill level 10 in Armour
 12640 | Lair:2   | You fall into a shaft and drop 2 floors!
 12677 | Lair:4   | Reached skill level 10 in Shields
 12827 | Lair:3   | Reached skill level 14 in Axes
 12875 | Lair:3   | Reached ***** piety under the Shining One
 12937 | Lair:3   | Found a dark tunnel.
 12946 | Volcano  | Entered a volcano
 12962 | Volcano  | Noticed a centaur warrior
 12965 | Volcano  | Found a burning altar of Makhleb.
 12968 | Volcano  | Noticed a red draconian
 12980 | Volcano  | Killed a centaur warrior
 12980 | Volcano  | Reached skill level 1 in Invocations
 13007 | Volcano  | Killed a red draconian
 13376 | Lair:2   | Found a staircase to the Shoals.
 13401 | Lair:2   | Found a staircase to the Snake Pit.
 14377 | Lair:3   | Reached skill level 10 in Dodging
 14461 | Lair:3   | Got a translucent amber ring
 14462 | Lair:3   | Identified the ring of Nolovoocki {+Inv MR- Dex+3 Stlth+}
                  | (You found it on level 3 of the Lair of Beasts)
 15324 | Lair:4   | Noticed a fire dragon
 15359 | Lair:4   | Killed a fire dragon
 15359 | Lair:4   | Reached skill level 15 in Axes
 15980 | Lair:5   | Reached XP level 13. HP: 100/113 MP: 15/15
 16165 | Lair:5   | Reached skill level 5 in Invocations
 16332 | Lair:5   | Noticed Snorg
 16343 | Lair:5   | Killed Snorg
 17221 | Lair:6   | Entered Level 6 of the Lair of Beasts
 17482 | Lair:6   | Reached skill level 16 in Axes
 18337 | Lair:6   | Found a staircase to the Slime Pits.
 18399 | Lair:6   | Reached XP level 14. HP: 68/121 MP: 19/19
 18719 | Lair:6   | Found a runed translucent gate.
 18719 | Lair:6   | Found a runed translucent gate.
 18719 | Lair:6   | Found a runed translucent gate.
 18723 | Lair:6   | Noticed Gildeon's ghost (journeyman MiFi)
 18735 | Lair:6   | Found a viscous altar of Jiyva.
 18918 | Lair:6   | Found the amulet of the Air {Inacc +Fly rElec EV+5 RMsl}
 18949 | Lair:6   | Identified the Incunabulum of Feathery Displacement
 20060 | D:12     | Reached skill level 17 in Axes
 20442 | D:13     | Noticed a tengu reaver
 20455 | D:13     | Killed a tengu reaver
 20467 | D:13     | Noticed a stone giant
 20586 | Orc:1    | Entered Level 1 of the Orcish Mines
 20600 | Orc:1    | Found a flagged portal.
 20636 | Bailey   | Entered a bailey
 21117 | Orc:1    | Reached skill level 10 in Invocations
 21357 | Orc:2    | Entered Level 2 of the Orcish Mines
 21363 | Orc:2    | Noticed Saint Roka
 21800 | Orc:2    | Paralysed by an orc sorcerer for 7 turns
 22412 | D:10     | Killed Saint Roka
 22830 | Orc:2    | Found a staircase to the Elven Halls.
 22922 | Orc:2    | Noticed Maurice
 22937 | Orc:2    | Killed Maurice
 22957 | Orc:2    | Found a roughly hewn altar of Beogh.
 22973 | Orc:2    | Found Yfrinof's Book Emporium.
 23063 | Orc:2    | Noticed Azrael
 23228 | Orc:1    | Killed Azrael
 23493 | Orc:2    | Noticed an orc warlord
 23658 | Orc:1    | Killed an orc warlord
 24312 | Orc:2    | Found Dojiol's Antique Armour Boutique.
 24313 | Orc:2    | Found a roughly hewn altar of Beogh.
 24315 | Orc:2    | Found Foit's Antique Weapon Shop.
 24457 | Orc:2    | Found a roughly hewn altar of Beogh.
 24458 | Orc:2    | Found Mimp's Gadget Emporium.
 24860 | Orc:1    | Found a roughly hewn altar of Beogh.
 25123 | D:9      | Found a radiant altar of Vehumet.
 25216 | D:9      | Cast into level 1 of the Abyss (Erolcha)
 25414 | Abyss:2  | Noticed a tentacled starspawn
 25526 | Abyss:2  | Reached XP level 15. HP: 81/126 MP: 15/22
 25574 | Abyss:2  | Noticed a tentacled starspawn
 25581 | Abyss:2  | Killed a tentacled starspawn
 25667 | Abyss:2  | Identified the cursed +0 large shield of the Slorg {+Blink
                  | rPois Slay+3}
 25738 | Abyss:2  | Noticed a black draconian monk
 25966 | D:9      | Escaped the Abyss
 25973 | D:9      | Killed Erolcha
 26183 | D:3      | Identified a scroll of acquirement
 26464 | D:13     | Noticed a storm dragon
 26567 | D:13     | a storm dragon changed into an alligator snapping turtle
 26906 | D:12     | Reached skill level 15 in Shields
 28307 | D:13     | Found a gate to the Vaults.
 29387 | D:15     | Entered Level 15 of the Dungeon
 29455 | D:15     | Reached ****** piety under the Shining One
 29593 | D:15     | Found a gate leading to a gauntlet.
 29606 | Gauntlet | Entered a Gauntlet
 29606 | Gauntlet | Found a transporter.
 29606 | Gauntlet | Found a transporter.
 29610 | Gauntlet | Found a transporter.
 29610 | Gauntlet | Found a transporter.
 29624 | Gauntlet | Found a transporter.
 29634 | Gauntlet | Found a transporter.
 29644 | Gauntlet | Found a transporter.
 29644 | Gauntlet | Found a transporter.
 29649 | Gauntlet | Found a transporter.
 29678 | Gauntlet | Found a transporter.
 29685 | Gauntlet | Found a transporter.
 29703 | Gauntlet | Found a transporter.
 29749 | Gauntlet | Found a transporter.
 29763 | Gauntlet | Found a transporter.
 29864 | Gauntlet | Found a transporter.
 29878 | Gauntlet | Found a transporter.
 30179 | Gauntlet | Got a steaming lead ring
 30183 | Gauntlet | Identified the ring of Minefo Ivvya {rElec rF+ Str-5 Dex+4}
                  | (You found it in a Gauntlet)
 30215 | Gauntlet | Identified the +9 long sword of Vanity {freeze, *Corrode
                  | rF+ SInv}
 30215 | Gauntlet | Identified the ring of the Voivode {rF+ rC++}
 30388 | D:15     | Found a bloodstained altar of Trog.
 31362 | D:15     | Found a staircase to the Depths.
 31386 | D:15     | Reached XP level 16. HP: 121/139 MP: 24/24
 31973 | Shoals:1 | Entered Level 1 of the Shoals
 34031 | Shoals:2 | Noticed Donald
 34045 | Shoals:2 | Killed Donald
 34102 | Shoals:2 | Noticed a kraken
 34113 | Shoals:2 | Killed a kraken
 34519 | Shoals:3 | Noticed Louise
 34544 | Shoals:3 | Killed Louise
 35528 | Shoals:3 | Noticed Aizul
 35536 | Shoals:3 | Mangled by Aizul

Levels and vault maps discovered:
D:1:      dpeg_arrival_water_temple_mockup, layout_basic
D:2:      layout_loops_ring
D:3:      layout_basic, lightli_sewer_entry_pipes, hex_large, uniq_sigmund
D:4:      layout_loops_cross, first_ration, uniq_crazy_yiuf_cottage
D:5:      layout_cave_pools, hangedman_decor_peaks_small, kennysheep_nub,
          uniq_grinder
D:6:      layout_gridville, minmay_temple_entry_arrows, nrook_loot_triangle,
          uniq_blork_the_orc
D:7:      layout_cave_pools, marbit_many_paths, grunt_livestock,
          skrybe_limestone_x
D:8:      layout_basic
D:9:      layout_roguey, basic_altar, uniq_erolcha
D:10:     layout_basic, erik_orc_4, serial_shops, kennysheep_mini, uniq_urug,
          uniq_grum, uniq_fannar, uniq_joseph, uniq_nergalle
D:11:     layout_roguey, minmay_lair_entry_grove, minmay_hedge_maze
D:12:     minmay_opposing_rooms, layout_basic
D:13:     minmay_octo_star, layout_basic, david_vaults_4
D:14:     layout_grid_maze, minivault_27
D:15:     hangedman_depths_entry_civil_slaughter, layout_long_grid,
          gauntlet_entry_generic, basic_altar, chequers_serial_rivers_micro_e,
          minmay_fractal_squares_gapless_5
Temple:   kilobyte_greek_temple
Lair:1:   layout_hall_layers, minmay_lair_oklob_chamber
Lair:2:   layout_roguey, shoals_dummy_entry, minmay_snake_entry_spellcaster
Lair:3:   layout_regular_city, nicolae_volcano_entry_batcave
Lair:4:   dragon1_lemuel, layout_loops_ring, serial_bayou_shore_b,
          lemuel_fruit_tree
Lair:5:   layout_gridlike, infiniplex_staircase_pool, wad_woods_river_01,
          uniq_snorg
Lair:6:   grunt_lair_end_beastmaster, layout_misc_corridors,
          minmay_slime_entry_eyes, gammafunk_ghost_ooze, serial_bayou_pond_c,
          lemuel_oklob_altar, serial_bayou_shore_b, infiniplex_staircase_pool_2
Shoals:1: layout_shoals
Shoals:2: layout_shoals, uniq_donald
Shoals:3: layout_shoals, uniq_aizul, uniq_louise, uniq_polyphemus
Orc:1:    cheibrodos_orc_guarddog, layout_caves, enter_bailey_6, mines1_david
Orc:2:    grunt_orc_community_town_hall, layout_caves,
          grunt_orc_community_big_house_1, grunt_orc_community_big_house_2,
          grunt_orc_community_house_2, grunt_orc_community_house_2,
          grunt_orc_community_house_3, grunt_orc_community_house_3,
          statue_in_the_mist_lemuel, lemuel_statue_altar, uniq_azrael,
          uniq_maurice, uniq_saint_roka

Skill      XL: |  1  2  3  4  5  6  7  8  9 10 11 12 13 14 15 16 |
---------------+-------------------------------------------------+-----
Axes           | 1 2 3 4 5 6 8 10 11 13 15 16 17 | 17.9
Dodging        | 1 2 3 5 6 7 8 10 | 10.0
Fighting       | 4 5 6 7 9 10 11 14 | 14.2
Shields        | 1 2 3 4 5 6 8 9 11 12 13 16 | 16.0
Armour         | 3 4 6 7 8 9 10 11 14 | 14.2
Invocations    | 4 8 11 12 | 12.0
Maces & Flails | |  2.4
Throwing       | |  1.0
Stealth        | |  1.0
Evocations     | |  1.0

Action                   |  1- 3 |  4- 6 |  7- 9 | 10-12 | 13-15 | 16-18 || total
-------------------------+-------+-------+-------+-------+-------+-------++-------
Melee: Hand axe          |   118 |   200 |   264 |   726 |  1598 |       ||  2906
       Headbutt          |    18 |    32 |    68 |   182 |   552 |   106 ||   958
       Eveningstar       |       |       |       |       |   282 |    28 ||   310
       Broad axe         |       |       |       |       |       |   406 ||   406
Throw: Stone             |     7 |       |     1 |       |       |       ||     8
Invok: Divine Shield     |       |       |       |     3 |       |       ||     3
       Summon Divine War |       |       |       |     1 |     9 |     3 ||    13
 Abil: Evoke Flight      |       |       |       |       |       |     1 ||     1
Evoke: Wand              |       |       |       |     2 |     7 |       ||     9
       Lamp of fire      |       |       |       |       |     1 |       ||     1
  Use: Potion            |       |     2 |       |     1 |     2 |     2 ||     7
       Scroll            |       |     5 |     4 |     9 |    20 |     5 ||    43
  Eat: Chunk             |     2 |     7 |    10 |    12 |    11 |     5 ||    47
       Ration            |       |       |     1 |     5 |    13 |     3 ||    22
Armor: Ring mail         |    39 |    63 |       |       |       |       ||   102
       Chain mail        |       |     5 |    89 |   188 |   424 |   129 ||   835
       Skin              |       |       |     1 |       |       |     1 ||     2
Dodge: Dodged            |    41 |    50 |    61 |   176 |   730 |   241 ||  1299
       Deflected         |       |       |       |       |    37 |    13 ||    50
Block: Shield            |    38 |    70 |    94 |   339 |  1108 |   329 ||  1978
